 Dungeon Crawl Stone Soup version 0.31-a0-214-gb37851dbb3 (webtiles) character file.

Game seed: 10414075192522007437

34 qw the Shooter (level 3, -2/29 HPs)
             Began as a Minotaur Hexslinger on July 1, 2023.
             Slain by Terence
             ... wielding a +0 short sword
              (3 damage)
             ... on level 2 of the Dungeon.
             The game lasted 00:00:20 (873 turns).

qw the Shooter (Minotaur Hexslinger)                 Turns: 873, Time: 00:00:21

Health: -2/29      AC:  5    Str: 18    XL:     3   Next: 14%
Magic:  3/3        EV: 11    Int: 10    God:
Gold:   30         SH:  0    Dex: 14    Spells: 3/4 levels left

rFire   . . .        Y - +1 sling
rCold   . . .        (no shield)
rNeg    . . .        i - +0 ring mail
rPois   +            (helmet restricted)
rElec   .            (no cloak)
rCorr   .            (no gloves)
SInv    .            (no boots)
Will    .....        (no amulet)
Stlth   +            g - ring of poison resistance
HPRegen 0.24/turn    h - +6 ring of strength
MPRegen 0.08/turn

%: no passive effects
@: no status effects
A: horns 2, retaliatory headbutt
a: no special abilities


You were on level 2 of the Dungeon.
You visited 1 branch of the dungeon, and saw 2 of its levels.

You collected 30 gold pieces.


Innate Abilities, Weirdness & Mutations

You have a pair of horns on your head.
You reflexively headbutt those who attack you in melee.


   Skills:
 - Level 2.0 Fighting
 + Level 3.7 Ranged Weapons
 - Level 2.1 Dodging
 - Level 1.0 Spellcasting
 - Level 2.0 Hexes


You had 3 spell levels left.
You knew the following spells:

 Your Spells              Type           Power      Damage    Failure   Level
a - Slow                  Hex            16%        N/A       26%         1

Your spell library contained the following spells:

 Spells                   Type           Power      Damage    Failure   Level
 Inner Flame              Hex/Fire       2%         N/A       77%         3
 Portal Projectile        Hex/Tloc       4%         N/A       77%         3
 Cause Fear               Hex            2%         N/A       95%         4

Inventory:

Hand Weapons
 Y - a +1 sling (weapon)
Armour
 i - a +0 ring mail (worn)
Jewellery
 g - a ring of poison resistance (left hand)
 h - a +6 ring of strength (right hand)
 l - a ring of resist corrosion
Scrolls
 a - a scroll of identify
Potions
 d - a potion of curing {unknown}
 k - a potion of heal wounds {unknown}

Dungeon Overview and Level Annotations

Branches:
Dungeon (2/15)

Altars:

Annotations:
D:2 Terence


Message History

The sling bullet closely misses Terence.
Terence bares his teeth.
Terence hits you with a +0 short sword!
You shoot a sling bullet. The sling bullet hits Terence.
Terence is severely wounded.
Terence hits you with a +0 short sword.
You shoot a sling bullet.
The sling bullet closely misses Terence.
Terence hits you but does no damage. Terence closely misses you.
You shoot a sling bullet. The sling bullet hits Terence.
Terence is almost dead.
Terence hits you with a +0 short sword.
You shoot a sling bullet.
The sling bullet closely misses Terence.
Terence hits you but does no damage.
You shoot a sling bullet. The sling bullet barely misses Terence.
Terence barely misses you. Terence hits you with a +0 short sword.
You shoot a sling bullet.
The sling bullet hits Terence but does no damage.
Terence is almost dead.
Terence closely misses you.
You shoot a sling bullet. The sling bullet barely misses Terence.
Terence closely misses you.
You shoot a sling bullet. The sling bullet barely misses Terence.
Terence hits you with a +0 short sword.
You shoot a sling bullet.
The sling bullet hits Terence but does no damage.
Terence is almost dead.
Terence hits you with a +0 short sword. x2
You shoot a sling bullet.
The sling bullet hits Terence but does no damage.
Terence is almost dead.
Terence hits you with a +0 short sword.
You shoot a sling bullet. The sling bullet barely misses Terence.
Terence closely misses you.
You shoot a sling bullet.
The sling bullet hits Terence but does no damage.
Terence is almost dead.
Terence hits you with a +0 short sword.
You die...

#.# #..## #.# #.#
##<.#.## ##.# #.#
#.......
....####.###.#.....
#.......#...####..
#.###...#.###### .
#.#...#........#
#.#.####.#####...
#@..# #.# #@### #.#
#.# #.# ..# #.#
.#.# ..# #.#!# ###
# #.# .!.


You could see Terence.

Vanquished Creatures
  An adder (D:1)
  A dart slug (D:1)
  2 giant cockroaches
  A goblin (D:1)
  2 hobgoblins (D:1)
  3 jackals (D:1)
  A quokka (D:1)
  2 ball pythons (D:1)
  3 bats (D:1)
  2 kobolds (D:1)
  5 rats (D:1)
23 creatures vanquished.

Notes
Turn   | Place    | Note
-------+----------+-------------------------------------------
     0 | D:1      | qw the Minotaur Hexslinger began the quest for the Orb.
     0 | D:1      | Reached XP level 1. HP: 16/16 MP: 1/1
     0 | D:1      | 0 ||| qw: Version: 0.3-a-32-g5962c71
     0 | D:1      | 0 ||| qw: Game counter: 7682
     0 | D:1      | 0 ||| qw: Melee chars always use a shield: true
     0 | D:1      | 0 ||| qw: God list: Okawaru
     0 | D:1      | 0 ||| qw: Allow faded altars: false
     0 | D:1      | 0 ||| qw: Do Orc after clearing Dungeon:15 true
     0 | D:1      | 0 ||| qw: Do second Lair branch before Depths: true
     0 | D:1      | 0 ||| qw: Lair rune preference: random
     0 | D:1      | 0 ||| qw: Goals: Normal
     0 | D:1      | 0 ||| PLANNING D:1-11
   382 | D:1      | Reached skill level 3 in Ranged Weapons
   382 | D:1      | Reached XP level 2. HP: 19/23 MP: 2/2
   383 | D:1      | 383 ||| FLEEEEING.
   384 | D:1      | 384 ||| FLEEEEING.
   385 | D:1      | 385 ||| FLEEEEING.
   386 | D:1      | 386 ||| FLEEEEING.
   387 | D:1      | 387 ||| FLEEEEING.
   388 | D:1      | 388 ||| FLEEEEING.
   730 | D:1      | 730 ||| UPGRADING to +0 ring mail.
   740 | D:1      | 740 ||| DROPPING +0 robe.
   741 | D:1      | 741 ||| DROPPING ring of magical power.
   742 | D:1      | 742 ||| UPGRADING to ring of poison resistance.
   743 | D:1      | 743 ||| UPGRADING to +6 ring of strength.
   744 | D:1      | 744 ||| READING 2 scrolls labelled DUCVAE YRACIANG.
   745 | D:1      | 745 ||| READING scroll labelled ZEFFYCS RYIRGH.
   746 | D:1      | 746 ||| DROPPING scroll of poison.
   778 | D:2      | 778 ||| STAIRDANCE
   785 | D:1      | Reached XP level 3. HP: 18/29 MP: 3/3
   848 | D:2      | Noticed Terence
   869 | D:2      | HP: 7/29 [Terence/+0 short sword (3)]
   870 | D:2      | HP: 3/29 [Terence/+0 short sword (3)]
   871 | D:2      | HP: 1/29 [Terence/+0 short sword (3)]
   873 | D:2      | Slain by Terence

Levels and vault maps discovered:
D:1:      grunt_arrival_crossed_arrows, layout_basic
D:2:      layout_rooms, uniq_terence

Skill      XL: |  1  2 |
---------------+-------+-----
Ranged Weapons | 3 |  3.7
Fighting       | 2 |  2.0
Dodging        | |  2.1
Spellcasting   | |  1.0
Hexes          | |  2.0

Action                     || total
---------------------------++-------
   Fire: Sling             ||    83
    Use: Scroll            ||     2
 Armour: Robe              ||     4
         Ring mail         ||     8
  Dodge: Dodged            ||    42

Table legend:
 A = Non-vault XP
 B = Vault XP
 C = Vault XP percentage of total XP
 D = Non-vault monster count
 E = Vault monster count
 F = Vault count percentage of total count
                 A         B        C        D         E       F
            +---------+---------+-------+---------+---------+-------
      Total |      49 |       0 |   0.0 |      23 |       0 |   0.0
            +---------+---------+-------+---------+---------+-------
        D:1 |      47 |       0 |   0.0 |      22 |       0 |   0.0
        D:2 |       2 |       0 |   0.0 |       1 |       0 |   0.0
            +---------+---------+-------+---------+---------+-------
